 Dungeon Crawl Stone Soup version 0.30-a0-719-gcc4359ea44 (webtiles) character file.

Game seed: 16792286026344307983

45 Dirtsage the Changer (level 3, 0/23 HPs)
             Began as an Octopode Transmuter on Jan 26, 2023.
             Killed from afar by Natasha (13 damage)
             ... with a puff of flame
             ... on level 2 of the Dungeon.
             The game lasted 00:01:30 (753 turns).

Dirtsage the Changer (Octopode Transmuter)           Turns: 753, Time: 00:01:31

Health: 0/23       AC:  1    Str:  9    XL:     3   Next: 64%
Magic:  6/6        EV: 13    Int: 17    God:
Gold:   46         SH:  0    Dex: 12    Spells: 3/6 levels left

rFire   . . .      SeeInvis .      - Unarmed
rCold   . . .      Faith    .    (no shield)
rNeg    . . .      Spirit   .    (helmet currently unavailable)
rPois   .          Reflect  .    (no amulet)
rElec   .          Harm     .    (no ring)
rCorr   .          Rampage  .    (no ring)
Will    .....                    (no ring)
Stlth   ++                       (no ring)
HPRegen 0.23/turn                (no ring)
MPRegen 0.10/turn                (no ring)
                                 (no ring)
                                 (no ring)

@: appendages
A: tentacle spike 3, almost no armour, amphibious, 8 rings, camouflage 1,
gelatinous body 1, (nimble swimmer 1), tentacles
a: End Transformation


You were on level 2 of the Dungeon.
One of your tentacles had grown a beastly spike.
You visited 1 branch of the dungeon, and saw 2 of its levels.

You collected 46 gold pieces.

Inventory:

Wands
 g - a wand of mindburst (5)
Scrolls
 d - a scroll of magic mapping {unknown}
 e - a scroll of fear {unknown}
 h - a scroll of fog {unknown}
 i - a scroll of noise {unknown}
Potions
 a - 2 potions of lignification
 b - a potion of magic {unknown}
 c - a potion of ambrosia {unknown}
 f - a potion of curing {unknown}


   Skills:
 - Level 1.0 Fighting
 - Level 2.0 Dodging
 - Level 3.0 Unarmed Combat
 - Level 2.0 Spellcasting
 + Level 3.1 Transmutations
 + Level 2.1 Ice Magic


You had 3 spell levels left.
You knew the following spells:

 Your Spells              Type           Power      Damage    Failure   Level
a - Beastly Appendage     Tmut           24%        N/A       5%          1
b - Wereblood             Tmut           12%        N/A       9%          2

Your spell library contained the following spells:

 Spells                   Type           Power      Damage    Failure   Level
 Spider Form              Tmut/Pois      7%         N/A       30%         3
 Ice Form                 Ice/Tmut       10%        N/A       54%         4


Dungeon Overview and Level Annotations

Branches:
Dungeon (2/15)

Altars:

Annotations:
D:2 Natasha


Innate Abilities, Weirdness & Mutations

One of your tentacles has grown a beastly spike.
You cannot wear most types of armour.
You are amphibious.
You can wear up to eight rings at the same time.
Your skin changes colour to match your surroundings (Stealth+).
Your rubbery body absorbs attacks. (AC +1, EV +1)
((You are camouflaged when in or above water. (Stealth+)))
You have tentacles for arms and can constrict up to eight enemies at once.


Message History

i - a scroll labelled YNERIE QYUTHASUU Health restored: 23 A bat comes into view.
A bat is nearby!
Natasha, Servant of Life and Death comes into view.
She is carrying a wand of flame (7).
Casting: Beastly Appendage (safe; 5% risk of failure)
Confirm with . or Enter, or press ? or * to list all spells.
One of your tentacles grows a vicious spike.
You now have 5/6 mp.
The helpless bat fails to defend itself.
You tentacle-slap the bat. Your grab misses the bat.
Your tentacle spike misses the bat.
Your squeeze misses the bat.
The bat is heavily wounded.
The bat hits you.
You take 1 damage, and have 22/23 hp.
The bat completely misses you.
You tentacle-slap the bat.
You kill the bat!
Health restored: 23 A giant cockroach comes into view.
The giant cockroach waves its antennae.
Natasha hisses angrily.
Natasha casts a spell at you. The magic dart hits you!
You take 10 damage, and have 13/23 hp.
MASSIVE DAMAGE!!
MP restored: 6 You are too injured to fight recklessly!
You are too injured to fight recklessly!
You closely miss the giant cockroach. Your grab misses the giant cockroach.
You squeeze the giant cockroach.
You kill the giant cockroach!
Natasha zaps a wand.
The puff of flame misses you.
You see here a giant cockroach corpse.
You barely miss Natasha. Your grab misses Natasha.
Your tentacle spike misses Natasha.
Your tentacle-slap misses Natasha.
You squeeze Natasha!
Natasha is severely wounded.
Natasha zaps a wand.
The puff of flame hits you!
Ouch! That really hurt!
You die...

#........
##.......# ....
...........$...
........#...#..
#......#..##.#.
##..............
#..##h.#........
#.....@..#.....
##............#
###.............#
...............#.
##.....$.......# .
........?......#
..##.............#
....##.#.#.#....#
###..##...#.....##


You could see Natasha.

Vanquished Creatures
  5 dart slugs (D:1)
  An endoplasm (D:1)
  2 giant cockroaches
  A goblin (D:1)
  4 hobgoblins (D:1)
  3 quokkas
  6 bats
  5 kobolds (D:1)
  5 rats
32 creatures vanquished.

Notes
Turn   | Place    | Note
-------+----------+-------------------------------------------
     0 | D:1      | Dirtsage the Octopode Transmuter began the quest for the
                  | Orb.
     0 | D:1      | Reached XP level 1. HP: 13/13 MP: 3/3
    55 | D:1      | Reached skill level 1 in Ice Magic
    55 | D:1      | Reached XP level 2. HP: 17/18 MP: 3/5
    61 | D:1      | Learned a level 2 spell: Wereblood
   264 | D:1      | Reached XP level 3. HP: 22/23 MP: 4/6
   740 | D:2      | Noticed Natasha
   753 | D:2      | Killed from afar by Natasha

Illustrated notes

Levels and vault maps discovered:
D:1:      psy_arrival_terrarium, layout_rooms, grunt_decor_arrowhead,
          minivault_27, minmay_tripent
D:2:      layout_rooms, uniq_natasha, uniq_sigmund, uniq_terence

Skill      XL: |  1  2  3 |
---------------+----------+-----
Ice Magic      | 1 2 |  2.1
Transmutations | 3 |  3.1
Fighting       | |  1.0
Dodging        | |  2.0
Unarmed Combat | |  3.0
Spellcasting   | |  2.0

Action                     || total
---------------------------++-------
  Melee: Unarmed           ||    69
         Constrict         ||    20
         Tentacles         ||    11
         Kick              ||    14
         Punch             ||     2
   Cast: Beastly Appendage ||    10
         Wereblood         ||     2
   Stab: Sleeping          ||     3
 Armour: Skin              ||     4
  Dodge: Dodged            ||    41

Table legend: (Time is in decaauts)
 A = Elapsed time spent in this place.
 B = Non-inter-level travel time spent in this place.
 C = Inter-level travel time spent in this place.
 D = Time resting spent in this place.
 E = Time spent auto-exploring this place.
 F = Levels seen in this place.
 G = Mean time per level.
                   A        B        C        D        E       F      G
               +--------+--------+--------+--------+--------+-----+--------+
         Total |    748 |    728 |     20 |      0 |    545 |   2 |  374.0 |
       Dungeon |    748 |    728 |     20 |      0 |    545 |   2 |  374.0 |
               +--------+--------+--------+--------+--------+-----+--------+

Top non-repeatable levels by time:
     D:1: 677 daAuts
     D:2: 71 daAuts
